 Dungeon Crawl Stone Soup version 0.30-a0-553-g7fabdf1491 (webtiles) character file.

Game seed: 15456367537633754579

8290 scionoferis the Fighter (level 11, 104/104 HPs)
             Began as a Naga Ice Elementalist on Dec 25, 2022.
             Got out of the dungeon alive.
             The game lasted 00:34:25 (7044 turns).

scionoferis the Fighter (Naga Ice Elementalist)     Turns: 7044, Time: 00:34:26

Health: 104/104    AC: 11    Str: 10    XL:     11   Next: 28%
Magic:  10/10      EV: 13    Int: 20    God:
Gold:   484        SH:  0    Dex: 16    Spells: 10/24 levels left

rFire   . . .      SeeInvis +    a - +6 flail "Buzun" {antimagic, rC+ Dex+4 Stlth+}
rCold   + . .      Faith    .    (no shield)
rNeg    + . .      Spirit   .    n - +0 robe
rPois   +          Reflect  .    A - +2 helmet
rElec   .          Harm     .    (no cloak)
rCorr   +          Rampage  .    (no gloves)
Will    +....                    (no barding)
Stlth   ++++                     w - amulet "Kionarus" {RegenMP Drain rN+ rCorr}
HPRegen 0.37/turn                v - +4 ring of protection
MPRegen 0.52/turn                x - ring of magical power

@: very slow
A: AC +3, large, see invisible, deformed body, poison resistance, slowness 2,
spit poison 1, naga tail 1
a: Spit Poison


You escaped.
You visited 1 branch of the dungeon, and saw 7 of its levels.
You also visited: Bailey.

You collected 484 gold pieces.


Innate Abilities, Weirdness & Mutations

Your serpentine skin is tough. (AC +3)
You have supernaturally acute eyesight. (SInv)
Armour fits poorly on your strangely shaped body.
Your system is resistant to poisons. (rPois)
You cover ground very slowly.
You can spit poison.
You have a snake-like lower body.


   Skills:
 * Level 8.5 Fighting
 + Level 0.3 Armour
 + Level 6.3 Dodging
 - Level 4.0 Stealth
 + Level 7.0 Spellcasting
 - Level 3.0 Conjurations
 - Level 5.0 Translocations
 - Level 3.1 Fire Magic
 - Level 8.0 Ice Magic
 + Level 5.6 Evocations


You had 10 spell levels left.
You knew the following spells:

 Your Spells              Type           Power      Damage    Failure   Level
a - Freeze                Ice            100%       1d10      1%          1
b - Frozen Ramparts       Ice            78%        1d12      1%          3
c - Ozocubu's Armour      Ice            39%        N/A       1%          3
d - Blink                 Tloc           54%        N/A       1%          2
e - Fireball              Conj/Fire      9%         3d6       58%         5

Your spell library contained the following spells:

 Spells                   Type           Power      Damage    Failure   Level
 Foxfire                  Conj/Fire      76%        2x1d7     2%          1
 Momentum Strike          Conj/Tloc      46%        3d9       2%          2
 Lesser Beckoning         Tloc           54%        N/A       3%          3
 Slow                     Hex            28%        N/A       10%         1
 Manifold Assault         Tloc           27%        N/A       12%         4
 Summon Ice Beast         Ice/Summ       23%        N/A       19%         4
 Summon Forest            Summ/Tloc      8%         N/A       67%         5
 Borgnjor's Vile Clutch   Necr/Erth      3%         N/A       95%         5
 Summon Mana Viper        Hex/Summ       7%         N/A       95%         5
 Starburst                Conj/Fire      9%         6d5       99%         6
 Summon Cactus Giant      Summ           3%         N/A       100%        6
 Storm Form               Tmut/Air       3%         N/A       100%        7

Inventory:

Hand Weapons
 a - the +6 flail "Buzun" (weapon) {antimagic, rC+ Dex+4 Stlth+}
   (You found it in a bailey)

   It reduces the magical energy of the wielder, and disrupts the spells and
   magical abilities of those it strikes.
   Natural abilities and divine invocations are not affected.
   Dex:       It affects your dexterity (+4).
   rC:        It protects you from cold.
   Stlth:     It makes you more stealthy.
 b - a +0 shortbow
   (You took it off a centaur on level 5 of the Dungeon)
 o - a +3 broad axe
   (You took it off an orc warlord in a bailey)
 r - the +2 falchion "Egoos" {vorpal, rPois rF- rC+ Int+5}
   (You found it in a bailey)

   It inflicts extra damage upon your enemies.
   Int:       It affects your intelligence (+5).
   rF:        It makes you vulnerable to fire.
   rC:        It protects you from cold.
   rPois:     It protects you from poison.
 z - a +3 dagger
   (You took it off an orc wizard on level 4 of the Dungeon)
 B - a +1 dagger of pain
   (You took it off a goblin on level 4 of the Dungeon)
 F - a +0 sling
   (You took it off a goblin on level 4 of the Dungeon)
Missiles
 d - 16 boomerangs
 q - 20 poisoned darts (quivered)
 K - a curare-tipped dart
Armour
 n - a +0 robe (worn)
 A - a +2 helmet (worn)
   (You took it off Robin on level 4 of the Dungeon)
Magical Staves
 H - a staff of earth
   (You found it on level 6 of the Dungeon)
Jewellery
 c - a +6 ring of dexterity
   (You found it on level 4 of the Dungeon)
 v - a +4 ring of protection (left hand)
   (You found it on level 3 of the Dungeon)
 w - the amulet "Kionarus" (around neck) {RegenMP Drain rN+ rCorr}
   (You found it on level 4 of the Dungeon)

   [amulet of magic regeneration]

   It increases your rate of magic regeneration.
   rN:        It protects you from negative energy.
   rCorr:     It protects you from acid and corrosion.
   Drain:     It drains your maximum health when unequipped.
 x - a ring of magical power (right hand)
   (You found it on level 4 of the Dungeon)
Wands
 C - a wand of polymorph (5)
   (You found it on level 4 of the Dungeon)
 I - a wand of light (11)
   (You found it on level 6 of the Dungeon)
Scrolls
 h - 2 scrolls of noise
 i - 4 scrolls of fear {unknown}
 k - a scroll of magic mapping
 p - a scroll of poison
 t - a scroll of brand weapon
 u - 2 scrolls of enchant weapon
 y - 2 scrolls of vulnerability {unknown}
 D - 2 scrolls of teleportation
 E - a scroll of blinking
 G - a scroll of immolation
 J - a scroll of fog {unknown}
Potions
 e - 4 potions of heal wounds
 f - 2 potions of brilliance
 g - 4 potions of lignification
 j - a potion of resistance
 l - 3 potions of magic
 m - 4 potions of might
 s - 2 potions of curing

Dungeon Overview and Level Annotations

Branches:
Dungeon (7/15)             Temple (0/1) D:7          Bailey (visited)

Altars:
Ashenzari
Dithmenos
Elyvilon
Qazlal
Ru
Sif Muna
Vehumet
Wu Jian
Zin

.....##.....................##...
............#######.....#..####..
.....#####..#############.## ###
.....#####.......#######..# ###
####.##..†.#..........##.## #..
#.#..######............#####.#
#.........##≈≈≈#'..##........#
####......#.....#...#.####....
#......≈..@..≈.#.#.# #.###
#......≈..⌠..≈.#...# ##.#
#......#.....#.##..###..#
####≈≈≈###≈≈≈######.##..##
#)#.....#......# #.##.##
#.≈..⌠..≈......# ##.##.# ##
#.≈§....≈......# #..##.####.
##.#.....#......###...#......
#..+#≈≈§##..........#....####


There were no monsters in sight!


Message History

A kobold comes into view.
It is wielding a +0 falchion and quivering poisoned darts.
The wall freezes the kobold brigand!
You kill the kobold brigand!
Fire: b) +0 shortbow
Press: ? - help, Q - select action, (/) - cycle Shift-Dir - straight line, f - kobold
Aim: a kobold, wielding a +0 falchion and quivering poisoned darts (56% to hit)
You shoot an arrow. The arrow hits the kobold.
You kill the kobold!
Your icy armour cracks and falls away as you move.
The frozen ramparts melt away as you move.
Found 2 potions of degeneration.
Found 2 potions of degeneration.
You drop 2 potions of degeneration.
You open the door.
A gnoll and 3 goblins come into view.
The goblin shouts! x2; The gnoll shouts!
The goblin shouts!
Found 6 potions of degeneration.
Found a flagged portal.
Casting: Frozen Ramparts (safe; 1% risk of failure)
Confirm with . or Enter, or press ? or * to list all spells.
Casting: Frozen Ramparts (safe; 1% risk of failure)
Press: ? - help, Dir - look around, f - activate The walls around you are covered in ice.
You hear the faint creaking of a portcullis.
The wall freezes the goblin.
You kill the goblin!
The wall freezes the gnoll.
Casting: Frozen Ramparts (safe; 1% risk of failure)
Confirm with . or Enter, or press ? or * to list all spells.
A film of ice covers your body!
The wall freezes the gnoll!
The gnoll barely misses you.
You shoot an arrow. The arrow hits the gnoll.
You kill the gnoll!
The wall freezes the goblin.
You kill the goblin!
The wall freezes the goblin.
You kill the goblin!
Unknown command.
Your icy armour cracks and falls away as you move.
The frozen ramparts melt away as you move.
Found 2 potions of degeneration.
There is an open door here.
You see here a +0 hand axe.
Items here: ! )) ††.
You see here a +0 hand axe.
There is a flagged portal here.
a - a +3 dagger (weapon)
b - a +0 shortbow (weapon)
You start resting.
You hear the creaking of a portcullis.
You start resting.
You hear the creaking of a portcullis.
You start resting.
HP restored.
The world spins around you as you enter the gateway.
You enter a bailey!
Found a gate leading back out of this place.
There is an empty arch of ancient stone here.
Why would you want to do that? Why would you want to do that?
You open the gate.
An orc comes into view. It is wielding a +0 hand axe.
A kobold comes into view.
Fire: b) +0 shortbow
Press: ? - help, Q - select action, (/) - cycle Shift-Dir - straight line, f - orc
Aim: an orc, wielding a +0 hand axe and wearing a +0 leather armour (asleep, 98% to hit)
You shoot an arrow. The arrow hits the orc.
The orc shouts!
The orc is lightly wounded.
You hear a shout!
A kobold comes into view.
You hear a shout! x3
Fire: b) +0 shortbow
Press: ? - help, Q - select action, (/) - cycle Shift-Dir - straight line, f/p - orc
Aim: an orc, wielding a +0 hand axe and wearing a +0 leather armour (lightly wounded, 63% to hit)
You shoot an arrow. The kobold shouts!
The arrow hits the orc.
The orc is almost dead.
Fire: b) +0 shortbow
Press: ? - help, Q - select action, (/) - cycle Shift-Dir - straight line, f/p - orc
Aim: an orc, wielding a +0 hand axe and wearing a +0 leather armour (almost dead, 63% to hit)
You shoot an arrow. The arrow hits the orc.
You kill the orc!
An orc comes into view. It is wielding a +0 hand axe.
Fire: b) +0 shortbow
Press: ? - help, Q - select action, (/) - cycle Shift-Dir - straight line, f - kobold
Aim: a kobold, quivering boomerangs (56% to hit)
You shoot an arrow. The arrow hits the kobold.
You kill the kobold!
The kobold throws a boomerang.
The boomerang hits you but does no damage.
Fire: b) +0 shortbow
Press: ? - help, Q - select action, (/) - cycle Shift-Dir - straight line, f - kobold
Aim: a kobold, quivering boomerangs (56% to hit)
You shoot an arrow. The arrow closely misses the kobold.
Fire: b) +0 shortbow
Press: ? - help, Q - select action, (/) - cycle Shift-Dir - straight line, f/p - kobold
Aim: a kobold, quivering boomerangs (56% to hit)
You shoot an arrow. The arrow hits the kobold.
You kill the kobold!
A kobold comes into view.
Fire: b) +0 shortbow
Press: ? - help, Q - select action, (/) - cycle Shift-Dir - straight line, f - kobold
Aim: a kobold, quivering boomerangs (56% to hit)
You shoot an arrow. The arrow hits the kobold.
The kobold is severely wounded.
The kobold throws a boomerang.
The boomerang hits you but does no damage.
Casting: Ozocubu's Armour (safe; 1% risk of failure)
Confirm with . or Enter, or press ? or * to list all spells.
Casting: Frozen Ramparts (safe; 1% risk of failure)
Press: ? - help, Dir - look around, f - activate The walls around you are covered in ice.
The wall freezes the orc.
The wall freezes the kobold!
You kill the kobold!
a - a +3 dagger (weapon)
You hit the orc.
The orc is severely wounded.
The wall freezes the orc.
You kill the orc!
You start resting.
Magic restored.
b - a +0 shortbow (weapon)
The frozen ramparts melt away as you move.
Things that are here:
a +0 hand axe; a +0 leather armour; an orc corpse
Things that are here:
2 boomerangs; a kobold corpse
d - 2 boomerangs A kobold comes into view.
Found three items.
There is an open gate here.
An orc warrior comes into view. It is wielding a +0 hand axe.
The orc warlord shouts!
You hear a shout!
A kobold comes into view.
The orc warrior moves out of view.
You see here a boomerang.
d - 3 boomerangs (gained 1)
The kobold throws a boomerang.
The boomerang barely misses you.
There is an open gate here.
Fire: b) +0 shortbow
Press: ? - help, Q - select action, (/) - cycle Shift-Dir - straight line, f - kobold
Aim: a kobold, quivering boomerangs (56% to hit)
You shoot an arrow. The arrow hits the kobold.
You kill the kobold!
The kobold throws a boomerang.
The boomerang hits you.
The kobold throws a boomerang.
The boomerang hits you but does no damage.
You see here a kobold corpse.
The orc warrior attacks as you move away!
The orc warrior hits you with a +0 hand axe!
Casting: Frozen Ramparts (safe; 1% risk of failure)
Confirm with . or Enter, or press ? or * to list all spells.
Casting: Frozen Ramparts (safe; 1% risk of failure)
Press: ? - help, Dir - look around, f - activate The walls around you are covered in ice.
The wall freezes the orc warrior.
The orc warrior hits you with a +0 hand axe.
Casting: Frozen Ramparts (safe; 1% risk of failure)
Confirm with . or Enter, or press ? or * to list all spells.
A film of ice covers your body!
The wall freezes the orc warrior.
The orc warrior hits you but does no damage.
a - a +3 dagger (weapon)
You barely miss the orc warrior.
The orc warrior is moderately wounded.
The wall freezes the orc warrior but does no damage.
The orc warrior hits you but does no damage.
You hit the orc warrior but do no damage.
The orc warrior is moderately wounded.
The kobold throws a boomerang.
The boomerang barely misses you.
The wall freezes the orc warrior!
The orc warrior misses you.
You hit the orc warrior but do no damage.
The orc warrior is heavily wounded.
The kobold throws a boomerang.
The boomerang hits you.
The wall freezes the orc warrior but does no damage.
The orc warrior hits you but does no damage.
You hit the orc warrior but do no damage.
Your punch misses the orc warrior.
The orc warrior is heavily wounded.
The kobold throws a boomerang.
The boomerang hits you but does no damage.
The wall freezes the orc warrior!
You kill the orc warrior!
b - a +0 shortbow (weapon)
Fire: b) +0 shortbow
Press: ? - help, Q - select action, (/) - cycle Shift-Dir - straight line
Okay, then.
a - a +3 dagger (weapon)
You hit the kobold.
You kill the kobold!
Your icy armour cracks and falls away as you move.
The frozen ramparts melt away as you move.
d - 5 boomerangs (gained 2)
Things that are here:
a +0 hand axe; a +0 leather armour; an orc corpse
Things that are here:
a +0 hand axe; a +0 ring mail; a kobold corpse A kobold comes into view.
There is an open gate here.
Found a jewelled flail.
A kobold comes into view.
Items here: ( ) [ ††.
b - a +0 shortbow (weapon)
Fire: b) +0 shortbow
Press: ? - help, Q - select action, (/) - cycle Shift-Dir - straight line, f - kobold
Aim: a kobold, quivering boomerangs (wandering, hasn't noticed you, 56% to hit)
You shoot an arrow. The kobold shouts!
The arrow hits the kobold but does no damage.
The kobold throws a boomerang.
The boomerang hits you.
Unknown command.
There is an open gate here.
The kobold throws a boomerang.
The boomerang closely misses you.
Things that are here:
a +0 hand axe; a +0 ring mail; a kobold corpse The kobold throws a boomerang.
The boomerang closely misses you.
Fire: b) +0 shortbow
Press: ? - help, Q - select action, (/) - cycle Shift-Dir - straight line, f/p - kobold
Aim: a kobold, quivering boomerangs (56% to hit)
You shoot an arrow. The arrow hits the kobold!
You kill the kobold!
Things that are here:
a +0 hand axe; a +0 ring mail; a kobold corpse A kobold comes into view.
There is an open gate here.
Things that are here:
a boomerang; a kobold corpse Fire: b) +0 shortbow
Press: ? - help, Q - select action, (/) - cycle Shift-Dir - straight line, f - kobold
Aim: a kobold, quivering boomerangs (wandering, hasn't noticed you, 56% to hit)
You shoot an arrow. The arrow closely misses the kobold.
The kobold shouts!
The kobold throws a boomerang.
The boomerang hits you but does no damage.
Fire: b) +0 shortbow
Press: ? - help, Q - select action, (/) - cycle Shift-Dir - straight line, f/p - kobold
Aim: a kobold, quivering boomerangs (56% to hit)
You shoot an arrow. The arrow hits the kobold.
You kill the kobold!
d - 6 boomerangs (gained 1)
d - 7 boomerangs (gained 1)
Items here: ) [ ††.
d - 8 boomerangs (gained 1)
You now have 386 gold pieces (gained 11).
Found a gate leading back out of this place.
Press: ? - help, v - describe, . - travel, g - get item Item here: a glimmering falchion.
The floor.
Press: ? - help, v - describe, . - travel
Here: an orc warlord, wielding a +3 broad axe and wearing a +0 chain mail (fire blocked by a translucent stone wall)
The floor.
Unknown command.
Unknown command.
A kobold comes into view.
The kobold moves out of view.
d - 10 boomerangs (gained 2)
A kobold comes into view.
Fire: b) +0 shortbow
Press: ? - help, Q - select action, (/) - cycle Shift-Dir - straight line, f - kobold
Aim: a kobold, quivering boomerangs (wandering, hasn't noticed you, 56% to hit)
You shoot an arrow. The kobold shouts!
The arrow hits the kobold!
You kill the kobold!
You hear a shout! x2
A hobgoblin comes into view. It is wielding a +0 hand axe.
Fire: b) +0 shortbow
Press: ? - help, Q - select action, (/) - cycle Shift-Dir - straight line, f - hobgoblin
Aim: a hobgoblin, wielding a +0 hand axe and wearing a +0 leather armour (63% to hit)
You shoot an arrow. The arrow hits the hobgoblin!
You kill the hobgoblin!
You hear a splash. x2
A kobold is nearby!
Fire: b) +0 shortbow
Press: ? - help, Q - select action, (/) - cycle Shift-Dir - straight line, f - kobold
Aim: a kobold, quivering boomerangs (56% to hit)
You shoot an arrow. The arrow hits the kobold.
The kobold is moderately wounded.
The kobold hits you but does no damage.
Casting: Ozocubu's Armour (safe; 1% risk of failure)
Confirm with . or Enter, or press ? or * to list all spells.
Casting: Frozen Ramparts (safe; 1% risk of failure)
Press: ? - help, Dir - look around, f - activate The walls around you are covered in ice.
The wall freezes the kobold.
The kobold hits you but does no damage.
a - a +3 dagger (weapon)
You hit the kobold but do no damage.
The kobold is severely wounded.
The wall freezes the kobold!
You kill the kobold!
b - a +0 shortbow (weapon)
Unknown command.
The frozen ramparts melt away as you move.
Found a gate leading back out of this place.
d - 12 boomerangs (gained 2);
e - 4 potions of heal wounds (gained 1)
There is an open door here.
You see here a kobold corpse.
d - 13 boomerangs (gained 1)
You see here a kobold corpse.
You enter the shallow water.
Things that are here:
a +0 hand axe; a +0 leather armour; a hobgoblin corpse An orc warrior comes into view.
It is wielding a +0 war axe.
Found a scroll labelled MECOSO RIYCK, 21 gold pieces and a puce potion.
There is an open door here.
Fire: b) +0 shortbow
Press: ? - help, Q - select action, (/) - cycle Shift-Dir - straight line, f - kobold
Aim: a kobold, quivering boomerangs (wandering, hasn't noticed you, 56% to hit)
You shoot an arrow. The kobold shouts!
The arrow hits the kobold!
You kill the kobold!
The orc warrior shouts!
You hear a shout!
Casting: Frozen Ramparts (safe; 1% risk of failure)
Confirm with . or Enter, or press ? or * to list all spells.
Casting: Frozen Ramparts (safe; 1% risk of failure)
Press: ? - help, Dir - look around, f - activate The walls around you are covered in ice.
Casting: Frozen Ramparts (safe; 1% risk of failure)
Confirm with . or Enter, or press ? or * to list all spells.
A film of ice covers your body!
The wall freezes the orc warrior.
a - a +3 dagger (weapon)
The wall freezes the orc warrior but does no damage.
You barely miss the orc warrior.
The orc warrior is lightly wounded.
The wall freezes the orc warrior but does no damage.
The orc warrior hits you with a +0 war axe.
You hit the orc warrior.
You punch the orc warrior, but do no damage.
The orc warrior is moderately wounded.
The wall freezes the orc warrior!
The orc warrior hits you but does no damage.
You hit the orc warrior but do no damage.
The orc warrior is heavily wounded.
The wall freezes the orc warrior!
The orc warrior closely misses you.
You closely miss the orc warrior.
The orc warrior is almost dead.
The wall freezes the orc warrior!
You kill the orc warrior!
Training target 5.0 for Translocations reached!
Your Translocations skill increases to level 5!
You start resting.
The frozen ramparts melt away.
You start resting.
Magic restored.
An orc comes into view. It is wielding a +0 hand axe.
b - a +0 shortbow (weapon)
You shoot an arrow. The orc shouts!
The arrow hits the orc.
The orc is heavily wounded.
You hear a shout!
You shoot an arrow. The arrow hits the orc!
You kill the orc!
An orc comes into view. It is wielding a +0 hand axe.
You shoot an arrow.
The arrow hits the orc but does no damage.
You shoot an arrow. The arrow hits the orc.
The orc is moderately wounded.
You shoot an arrow. The arrow hits the orc!
You kill the orc!
This spell is extremely dangerous to cast!
Memorise Fireball, consuming 5 spell levels and leaving 7?
You start memorising the spell.
You continue memorising. x5
You finish memorising.
Spell assigned to 'e'.
Your icy armour cracks and falls away as you move.
Things that are here:
a +0 war axe; a +0 chain mail
There is an open door here.
You now have 407 gold pieces (gained 21).
m - 5 puce potions (gained 1)
J - a scroll labelled MECOSO RIYCK An orc warrior comes into view.
It is wielding a +0 hand axe.
Found a runed translucent gate.
You see here 15 gold pieces.
A goblin comes into view. It is wielding a +0 hand axe.
The goblin moves out of view.
A goblin comes into view. It is wielding a +0 hand axe.
a - a +3 dagger (weapon)
d - 14 boomerangs (gained 1)
There is an open door here.
Casting: Ozocubu's Armour (safe; 1% risk of failure)
Confirm with . or Enter, or press ? or * to list all spells.
Casting: Frozen Ramparts (safe; 1% risk of failure)
Press: ? - help, Dir - look around, f - activate An open door.
The walls around you are covered in ice.
The orc warrior shouts!
The wall freezes the orc warrior.
The orc warrior completely misses you.
b - a +0 shortbow (weapon)
The wall freezes the orc warrior.
The orc warrior hits you with a +0 hand axe.
Casting: Frozen Ramparts (safe; 1% risk of failure)
Confirm with . or Enter, or press ? or * to list all spells.
A film of ice covers your body!
The wall freezes the orc warrior.
The orc warrior splashes around in the water.
a - a +3 dagger (weapon)
You miss the orc warrior.
The orc warrior is heavily wounded.
The wall freezes the orc warrior.
The orc warrior hits you but does no damage.
Unknown command.
You closely miss the orc warrior. Your punch misses the orc warrior.
The orc warrior is heavily wounded.
The wall freezes the orc warrior.
The orc warrior hits you but does no damage.
You hit the orc warrior.
The orc warrior is severely wounded.
The wall freezes the orc warrior but does no damage.
The orc warrior hits you with a +0 hand axe!
You hit the orc warrior but do no damage.
The orc warrior is severely wounded.
The wall freezes the orc warrior!
You kill the orc warrior!
You hear a splash. x2
Unknown command.
Your icy armour cracks and falls away as you move.
The frozen ramparts melt away as you move.
You enter the shallow water.
Things that are here:
a +0 hand axe; a +0 ring mail; an orc corpse HP restored.
There is an open door here.
Items here: )) [[ †.
You now have 422 gold pieces (gained 15).
u - 2 scrolls of enchant weapon (gained 1)
The goblin shouts!
You hear a shout!
The goblin drinks a potion.
The goblin suddenly seems more resistant.
b - a +0 shortbow (weapon)
You shoot an arrow. The arrow barely misses the goblin.
Casting: Ozocubu's Armour (safe; 1% risk of failure)
Confirm with . or Enter, or press ? or * to list all spells.
Casting: Frozen Ramparts (safe; 1% risk of failure)
Press: ? - help, Dir - look around, f - activate The walls around you are covered in ice.
An orc warrior comes into view. It is wielding a +0 war axe.
The goblin resists.
The wall freezes the goblin.
You kill the goblin!
a - a +3 dagger (weapon)
b - a +0 shortbow (weapon)
Fire: b) +0 shortbow
Press: ? - help, Q - select action, (/) - cycle Shift-Dir - straight line, f - orc warrior
Aim: an orc warrior, wielding a +0 war axe and wearing a +0 plate armour (63% to hit)
You shoot an arrow.
The arrow hits the orc warrior but does no damage.
Fire: b) +0 shortbow
Press: ? - help, Q - select action, (/) - cycle Shift-Dir - straight line, f/p - orc warrior
Aim: an orc warrior, wielding a +0 war axe and wearing a +0 plate armour (63% to hit)
You shoot an arrow.
The arrow hits the orc warrior but does no damage.
Casting: Frozen Ramparts (safe; 1% risk of failure)
Confirm with . or Enter, or press ? or * to list all spells.
A film of ice covers your body!
a - a +3 dagger (weapon)
The wall freezes the orc warrior but does no damage.
You barely miss the orc warrior.
The wall freezes the orc warrior but does no damage.
The orc warrior hits you but does no damage.
You hit the orc warrior.
The orc warrior is lightly wounded.
The wall freezes the orc warrior.
The orc warrior hits you but does no damage.
You hit the orc warrior but do no damage.
The orc warrior is moderately wounded.
The wall freezes the orc warrior.
The orc warrior closely misses you.
You barely miss the orc warrior.
The orc warrior is moderately wounded.
The frozen ramparts melt away.
The orc warrior hits you with a +0 war axe.
Casting: Ozocubu's Armour (safe; 1% risk of failure)
Confirm with . or Enter, or press ? or * to list all spells.
Casting: Frozen Ramparts (safe; 1% risk of failure)
Press: ? - help, Dir - look around, f - activate The walls around you are covered in ice.
The wall freezes the orc warrior but does no damage.
The orc warrior hits you with a +0 war axe.
You hit the orc warrior.
The orc warrior is moderately wounded.
The wall freezes the orc warrior!
The orc warrior hits you with a +0 war axe.
The orc complains noisily, in orcish tradition.
You hit the orc warrior but do no damage.
The orc warrior is severely wounded.
The wall freezes the orc warrior but does no damage.
The orc warrior hits you but does no damage.
You hit the orc warrior but do no damage.
The orc warrior is severely wounded.
The wall freezes the orc warrior but does no damage.
The orc warrior drinks a potion.
The orc warrior is healed!
You closely miss the orc warrior.
The wall freezes the orc warrior!
The orc warrior hits you but does no damage.
You hit the orc warrior but do no damage.
You punch the orc warrior, but do no damage.
The orc warrior is moderately wounded.
The wall freezes the orc warrior but does no damage.
The orc warrior hits you but does no damage.
You hit the orc warrior but do no damage.
The orc warrior is moderately wounded.
The wall freezes the orc warrior.
The orc warrior hits you with a +0 war axe.
You hit the orc warrior but do no damage.
The orc warrior is heavily wounded.
The wall freezes the orc warrior but does no damage.
The orc warrior barely misses you.
You hit the orc warrior but do no damage.
The orc warrior is heavily wounded.
The frozen ramparts melt away.
The orc warrior barely misses you.
You hit the orc warrior but do no damage.
The orc warrior is heavily wounded.
The orc warrior hits you but does no damage.
Casting: Frozen Ramparts (safe; 1% risk of failure)
Confirm with . or Enter, or press ? or * to list all spells.
Casting: Frozen Ramparts (safe; 1% risk of failure)
Press: ? - help, Dir - look around, f - activate The walls around you are covered in ice.
The wall freezes the orc warrior but does no damage.
The orc warrior hits you with a +0 war axe.
You hit the orc warrior.
The orc warrior is severely wounded.
The wall freezes the orc warrior.
The orc warrior barely misses you.
You hit the orc warrior but do no damage.
The orc warrior is severely wounded.
The wall freezes the orc warrior.
The orc warrior hits you but does no damage.
You completely miss the orc warrior.
The orc warrior is almost dead.
The wall freezes the orc warrior!
You kill the orc warrior!
Your Conjurations skill increases to level 1!
Your Fire Magic skill increases to level 1!
Your icy armour cracks and falls away as you move.
The frozen ramparts melt away as you move.
Things that are here:
a +0 war axe; a +0 plate armour; an orc corpse
Things that are here:
a +0 hand axe; a +0 leather armour; a goblin corpse
Things that are here:
a +0 war axe; a +0 plate armour; an orc corpse The orc jeers repeatedly.
A goblin is nearby!
Throw: 13 darts (poison)
Press: ? - help, Q - select action, (/) - cycle Shift-Dir - straight line, f - goblin
Aim: a goblin, wielding a +0 hand axe and wearing a +0 leather armour (wandering, hasn't noticed you, 56% to hit)
You throw a poisoned dart.
The poisoned dart closely misses the goblin.
The goblin shouts!
b - a +0 shortbow (weapon)
Casting: Frozen Ramparts (safe; 1% risk of failure)
Confirm with . or Enter, or press ? or * to list all spells.
Casting: Frozen Ramparts (safe; 1% risk of failure)
Press: ? - help, Dir - look around, f - activate The walls around you are covered in ice.
You shoot an arrow. The arrow hits the goblin.
The goblin is severely wounded.
The wall freezes the goblin!
You kill the goblin!
Unknown command.
The frozen ramparts melt away as you move.
Things that are here:
a +0 war axe; a +0 plate armour; an orc corpse
q - 13 poisoned darts (gained 1)
Found a gate leading back out of this place.
There is an open door here.
You enter the shallow water.
You enter the shallow water.
There is an open door here.
The orc warlord shouts!
An orc warrior comes into view. It is wielding a +0 war axe.
Items here: )) [[ ÷.
Casting: Frozen Ramparts (safe; 1% risk of failure)
Confirm with . or Enter, or press ? or * to list all spells.
Casting: Frozen Ramparts (safe; 1% risk of failure)
Press: ? - help, Dir - look around, f - activate The walls around you are covered in ice.
The wall freezes the orc warrior!
Casting: Frozen Ramparts (safe; 1% risk of failure)
Confirm with . or Enter, or press ? or * to list all spells.
A film of ice covers your body!
The wall freezes the orc warrior!
a - a +3 dagger (weapon)
The wall freezes the orc warrior but does no damage.
The orc warrior hits you with a +0 war axe!
You hit the orc warrior.
The orc warrior is almost dead.
The wall freezes the orc warrior but does no damage.
The orc warrior barely misses you.
You barely miss the orc warrior.
The orc warrior is almost dead.
The wall freezes the orc warrior.
The orc warrior hits you but does no damage.
You closely miss the orc warrior.
The orc warrior is almost dead.
The wall freezes the orc warrior but does no damage.
The orc warrior hits you but does no damage.
You hit the orc warrior.
You kill the orc warrior!
Unknown command.
Your icy armour cracks and falls away as you move.
The frozen ramparts melt away as you move.
There is an open door, spattered with blood here.
Things that are here:
a +0 war axe; a +0 scale mail A kobold comes into view.
b - a +0 shortbow (weapon)
You shoot an arrow. The kobold shouts!
The arrow hits the kobold.
The kobold is heavily wounded.
The kobold throws a boomerang.
The boomerang hits you.
You shoot an arrow. The arrow hits the kobold!
You kill the kobold!
Things that are here:
a +0 war axe; a +0 chain mail You see here a kobold skeleton.
d - 16 boomerangs (gained 2);
l - 3 potions of magic (gained 1)
i - 3 scrolls labelled SODEZYLISET (gained 1)
You now have 438 gold pieces (gained 16).
There is an open door here.
You see here a kobold skeleton.
There is an open gate here.
There is an open gate here.
You see here a kobold skeleton.
There is an open door here.
There is an open door here.
The orc warlord shouts!
You hear a shout!
Press: ? - help, v - describe, . - travel
Here: an orc warlord, wielding a +3 broad axe and wearing a +0 chain mail (fire blocked by a runed translucent door) Some shallow water.
Okay, then.
Unknown command.
Okay, then.
Unknown command.
Save game and exit?
Level annotation: 3 runed translucent doors Welcome back, scionoferis the Naga Ice Elementalist.
Press ? for a list of commands and other information.
It was a potion of might.
You feel very mighty all of a sudden.
It was a potion of brilliance.
You feel clever all of a sudden.
It was a potion of curing.
You feel better.
It was a potion of attraction.
You feel attractive to monsters.
It was a potion of flight.
You feel very buoyant.
You fly up into the air.
It was a potion of haste.
You feel yourself speed up.
You reach down and open the gate.
The orc warlord is attracted toward you.
The orc is attracted toward you.
Cast which spell? (? or * to list)
You feel a surge of power! A film of ice covers your body!
The orc warlord roars a battlecry!
The orc shouts!
The orc is attracted toward you.
Casting: Ozocubu's Armour (safe; 1% risk of failure)
Confirm with . or Enter, or press ? or * to list all spells.
Casting: Frozen Ramparts (safe; 1% risk of failure)
Press: ? - help, Dir - look around, f - activate You feel a surge of power!
The walls around you are covered in ice.
The wall freezes the orc warlord.
The orc warlord hits you with a +3 broad axe.
The orc is attracted toward you.
Unknown command.
a - a +3 dagger (weapon)
The wall freezes the orc!
You kill the orc!
Aiming: Bolt of Light
Press: ? - help, Shift-Dir - straight line, f - orc warlord
Aim: an orc warlord, wielding a +3 broad axe and wearing a +0 chain mail (lightly wounded, 79% to hit)
The bolt of light hits the orc warlord!
The orc warlord is lightly wounded.
The orc warlord is blinded.
The wall freezes the orc warlord.
Save game and exit?
Welcome back, scionoferis the Naga Ice Elementalist.
Press ? for a list of commands and other information.
You catch the helpless orc warlord completely off-guard!
You puncture the orc warlord!
The orc warlord is moderately wounded.
You closely miss the orc warlord.
The orc warlord is moderately wounded.
The wall freezes the orc warlord.
The orc warlord hits you with a +3 broad axe!
You barely miss the orc warlord.
The orc warlord is moderately wounded.
The wall freezes the orc warlord but does no damage.
The orc warlord hits you with a +3 broad axe.
You barely miss the orc warlord.
The orc warlord is moderately wounded.
You strike the helpless orc warlord from behind!
You puncture the orc warlord!
The orc warlord is moderately wounded.
The wall freezes the orc warlord.
The orc warlord hits you with a +3 broad axe!!
You catch the helpless orc warlord completely off-guard!
You impale the orc warlord!!
The orc warlord is severely wounded.
The orc warlord is no longer blind.
The wall freezes the orc warlord but does no damage.
The orc warlord hits you with a +3 broad axe.
Aiming: Bolt of Light
Press: ? - help, Shift-Dir - straight line, f - orc warlord
Aim: an orc warlord, wielding a +3 broad axe and wearing a +0 chain mail (severely wounded, 79% to hit)
The bolt of light hits the orc warlord.
The orc warlord is severely wounded.
The orc warlord is blinded.
You catch the helpless orc warlord completely off-guard!
You puncture the orc warlord!
The orc warlord is almost dead.
The wall freezes the orc warlord but does no damage.
You hit the orc warlord.
The orc warlord is almost dead.
The orc warlord closely misses you.
You strike the helpless orc warlord from behind!
You puncture the orc warlord!
The orc warlord is almost dead.
You strike the helpless orc warlord from behind!
You impale the orc warlord!!
You kill the orc warlord!
Training target 4.0 for Dodging reached!
Training target 6.0 for Fighting reached!
Your Fighting skill increases to level 6!
Your Dodging skill increases to level 4!
Your Spellcasting skill increases to level 7!
Your Conjurations skill gained 2 levels and is now at level 3!
Your Fire Magic skill gained 2 levels and is now at level 3!
You have reached level 10!
You start resting.
The frozen ramparts melt away.
You start resting.
You feel less attractive to monsters.
You start resting.
Your extra speed is starting to run out.
You start resting.
You are starting to lose your buoyancy.
You start resting.
You feel yourself slow down.
You start resting.
You float gracefully downwards.
Okay, then.
Unknown command.
Search for what [? for help]? book Can't find anything matching that.
Your icy armour cracks and falls away as you move.
Things that are here:
a +3 broad axe; a +0 chain mail
o - a +3 broad axe You start resting.
You feel a little less clever now.
You start resting.
You feel a little less mighty now.
You start resting.
HP restored.
Things that are here:
a +0 leather armour; a +0 hand axe
There is an open translucent gate here.
You enter the shallow water.
You see here the +2 falchion "Egoos" {vorpal, rPois rF- rC+ Int+5}.
r - the +2 falchion "Egoos" {vorpal, rPois rF- rC+ Int+5}
i - 4 scrolls labelled SODEZYLISET (gained 1)
You see here the +6 flail "Buzun" {antimagic, rC+ Dex+4 Stlth+}.
z - the +6 flail "Buzun" {antimagic, rC+ Dex+4 Stlth+}
K - a potion of experience
There are no items here.
Partly explored, can't reach some places.
You feel more experienced!
Your Fighting skill gained 2 levels and is now at level 8!
Your Dodging skill gained 2 levels and is now at level 6!
Your Evocations skill gained 5 levels and is now at level 5!
You have reached level 11!
Unknown command.
Partly explored, can't reach some places.
Search for what [Enter for "book", or ? for help]? bailey Unknown command.
Unknown command.
There is a gate leading back out of this place here.
Adjust to which letter? (? for menu, Esc to quit)
a - the +6 flail "Buzun" {antimagic, rC+ Dex+4 Stlth+}
z - a +3 dagger (weapon)
You feel agile.
You feel magic leave you.
a - the +6 flail "Buzun" (weapon)
{antimagic, rC+ Dex+4 Stlth+} You're wearing all the rings you can.
Remove which one? (? for menu, Esc to cancel) < or
v - a +4 ring of protection; > or
c - a +6 ring of dexterity You remove your +6 ring of dexterity.
You feel clumsy.
You feel your magic capacity increase.
x - a ring of magical power (right hand)
You start resting.
Magic restored.
Unknown command.
Unknown command.
Welcome back to the Dungeon!
There is an empty arch of ancient stone here.
Items here: ! )) ÷÷.
You see here a +0 hand axe.
There is an open door here.
You see here a +0 hand axe.
You see here 2 potions of degeneration.
Things that are here:
a curare-tipped dart; a +0 short sword
K - a curare-tipped dart A kobold comes into view.
It is wielding a +0 flail.
The kobold moves out of view.
A kobold is nearby!
Found a whip.
Throw: 13 darts (poison)
Press: ? - help, Q - select action, (/) - cycle Shift-Dir - straight line, f - kobold
Aim: a kobold, wielding a +0 flail and quivering stones (wandering, hasn't noticed you, 58% to hit)
You throw a poisoned dart.
The poisoned dart barely misses the kobold.
The kobold shouts!
The kobold throws a stone.
The stone barely misses you. The kobold barely misses you.
You barely miss the kobold. The kobold hits you but does no damage.
You barely miss the kobold. The kobold closely misses you. x2
You miss the kobold. The kobold misses you.
You thump the kobold!
You kill the kobold!
q - 19 poisoned darts (gained 7)
Things that are here:
a +0 falchion; a kobold skeleton You now have 455 gold pieces (gained 17).
Things that are here:
a +0 flail; 2 stones; a kobold corpse
q - 20 poisoned darts (gained 1)
You now have 465 gold pieces (gained 10).
An orc comes into view. It is wielding a +0 whip.
A killer bee comes into view.
Found a manual of Unarmed Combat.
The killer bee buzzes angrily.
You hear a shout!
The killer bee stings you.
A kobold comes into view. It is wielding a +0 hand axe.
A vampire comes into view.
The killer bee stings you. The killer bee closely misses you.
The killer bee stings you but does no damage.
The killer bee barely misses you.
Cast which spell? (? or * to list)
Casting: Frozen Ramparts (safe; 1% risk of failure)
Press: ? - help, Dir - look around, f - activate The walls around you are covered in ice.
The orc shouts!
The wall freezes the killer bee.
The killer bee barely misses you.
The vampire resists.
The wall freezes the vampire.
The wall freezes the killer bee.
The killer bee barely misses you.
Casting: Frozen Ramparts (safe; 1% risk of failure)
Confirm with . or Enter, or press ? or * to list all spells.
A film of ice covers your body!
The wall freezes the killer bee.
The killer bee stings you.
The wall freezes the vampire but does no damage.
The wall freezes the killer bee.
You kill the killer bee!
Unknown command.
Aiming: Bolt of Light
Press: ? - help, Shift-Dir - straight line, f - vampire
Aim: a vampire (lightly damaged, 74% to hit)
Okay, then.
The wall freezes the vampire but does no damage.
The wall freezes the orc!
You kill the orc!
Aiming: Bolt of Light
Press: ? - help, Shift-Dir - straight line, f - kobold
Aim: a kobold, wielding a +0 hand axe (67% to hit)
The bolt of light hits the vampire!!
The vampire is severely damaged.
The vampire is blinded.
The bolt of light hits the kobold!
You kill the kobold!
You hear an angry buzzing noise.
The wall freezes the vampire but does no damage.
The vampire resists.
The wall freezes the vampire.
The vampire casts a spell at you. You resist with almost no effort.
The vampire resists.
The wall freezes the vampire.
A killer bee comes into view.
You catch the helpless vampire completely off-guard!
You hit the vampire but do no damage.
The vampire is almost destroyed.
The wall freezes the killer bee.
The vampire resists.
The wall freezes the vampire.
The vampire draws life force from you!
The vampire is healed by the life force!
A killer bee comes into view.
The wall freezes the killer bee.
The vampire resists.
The wall freezes the vampire.
The vampire hits you but does no damage.
The vampire barely misses you.
You barely miss the vampire.
The vampire is almost destroyed.
The wall freezes the killer bee.
A killer bee comes into view.
The wall freezes the killer bee.
The vampire resists.
The wall freezes the vampire.
The vampire draws life force from you.
The vampire is healed by the life force!
The wall freezes the killer bee but does no damage.
You catch the helpless vampire completely off-guard!
You hit the vampire but do no damage.
The vampire is almost destroyed.
The wall freezes the killer bee. x2
You kill the killer bee!
A killer bee comes into view.
The wall freezes the killer bee.
The wall freezes the vampire but does no damage.
The vampire mumbles some strange words.
The vampire flickers and vanishes for a moment.
The vampire resists.
The wall freezes the vampire.
The wall freezes the killer bee.
You hear an angry buzzing noise.
The killer bee buzzes angrily.
You closely miss the killer bee.
The killer bee is heavily wounded.
You hear an angry hiss.
The wall freezes the killer bee but does no damage.
The killer bee closely misses you.
The wall freezes the killer bee.
The killer bee misses you.
The wall freezes the killer bee.
The wall freezes the vampire but does no damage.
You hit the killer bee.
You kill the killer bee!
The frozen ramparts melt away.
The killer bee stings you but does no damage.
The vampire points at you and mumbles some strange words.
The killer bee appears confused.
Casting: Ozocubu's Armour (safe; 1% risk of failure)
Confirm with . or Enter, or press ? or * to list all spells.
Casting: Frozen Ramparts (safe; 1% risk of failure)
Press: ? - help, Dir - look around, f - activate The walls around you are covered in ice.
The wall freezes the killer bee but does no damage.
The wall freezes the killer bee.
The vampire resists.
The wall freezes the vampire.
You destroy the vampire!
The wall freezes the killer bee. x2
The killer bee barely misses the killer bee.
You sock the killer bee!
You kill the killer bee!
The wall freezes the killer bee. x2; The killer bee closely misses you.
The wall freezes the killer bee.
The killer bee closely misses you.
You miss the killer bee.
The killer bee is severely wounded.
The wall freezes the killer bee.
The killer bee stings you but does no damage.
The wall freezes the killer bee.
The killer bee stings you but does no damage.
The wall freezes the killer bee.
You kill the killer bee!
You start resting.
Magic restored.
You start resting.
A steam dragon comes into view.
Your icy armour and frozen ramparts will break if you move.
Continue? [Y]es or [N]o only, please.
Your icy armour and frozen ramparts will break if you move.
Continue?
Okay, then.
Unknown command.
Unknown command.
Your icy armour cracks and falls away as you move.
The frozen ramparts melt away as you move.
Things that are here:
a killer bee corpse; a killer bee corpse You see here a killer bee corpse.
A skeletal warrior comes into view. It is wielding a +0 long sword.
You now have 484 gold pieces (gained 19).
Things that are here:
a +0 hand axe; a kobold corpse
Press: ? - help, v - describe, . - travel, g - get item Item here: a manual of Unarmed Combat.
The floor.
Found a stone staircase leading down.
There is a stone staircase leading down here.
Found 5 gold pieces.
Found a staircase to the Ecumenical Temple.
An orc comes into view. It is wielding a +0 club.
Found 9 gold pieces.
Found a stone staircase leading up.
A hornet comes into view.
There is a stone staircase leading up here.
You climb upwards.
There is a stone staircase leading down here.
(D) Dungeon (T) Temple
Where to? (? - help)
What level of the Dungeon? (default 1, ? - help)
You see here a +0 helmet.
There is a stone staircase leading up here.
You climb upwards.
There is a stone staircase leading down here.
There is a stone staircase leading up here.
You see here a +0 club.
You climb upwards.
There is a stone staircase leading down here.
There is a stone staircase leading up here.
You climb upwards.
There is a stone staircase leading down here.
There is a stone staircase leading up here.
You climb upwards.
There is a stone staircase leading down here.
There is a stone staircase leading up here.
You climb upwards.
There is a stone staircase leading down here.
There is an open door here.
There is a staircase leading out of the dungeon here.
Are you sure you want to leave the Dungeon?
This will make you lose the game!
You have escaped!

Skill      XL: |  1  2  3  4  5  6  7  8  9 10 |
---------------+-------------------------------+-----
Stealth        | 4 |  4.0
Ice Magic      | 5 6 7 8 |  8.0
Spellcasting   | 3 4 5 7 |  7.0
Translocations | 2 3 5 |  5.0
Fighting       | 3 6 8 |  8.5
Dodging        | 2 4 6 |  6.3
Conjurations   | 3 |  3.0
Fire Magic     | 3 |  3.1
Evocations     | 5 |  5.6
Armour         | |  0.3

Action                   |  1- 3 |  4- 6 |  7- 9 | 10-12 || total
-------------------------+-------+-------+-------+-------++-------
Melee: Short sword       |     2 |       |       |       ||     2
       Quarterstaff      |    10 |    10 |       |       ||    20
       Dagger            |       |    56 |   180 |       ||   236
       Punch             |       |     1 |     5 |       ||     6
       Flail             |       |       |       |    11 ||    11
 Fire: Sling             |       |       |     1 |       ||     1
       Shortbow          |       |       |    50 |       ||    50
Throw: Dart              |       |     1 |    13 |     1 ||    15
 Cast: Freeze            |    43 |    30 |     2 |       ||    75
       Frozen Ramparts   |       |    10 |    38 |     2 ||    50
       Ozocubu's Armour  |       |     5 |    17 |     1 ||    23
Evoke: Wand              |       |       |     2 |     1 ||     3
  Use: Scroll            |       |     7 |     4 |       ||    11
       Potion            |       |       |     8 |     1 ||     9
 Stab: Sleeping          |     7 |     5 |     1 |       ||    13
       Invisible         |       |       |     6 |     2 ||     8
Armor: Robe              |     6 |    28 |    95 |     6 ||   135
       Skin              |       |       |     7 |       ||     7
Dodge: Dodged            |    12 |    39 |    85 |    14 ||   150

Levels and vault maps discovered:
D:1:      dpeg_arrival_rooms_with_view, layout_rooms
D:2:      layout_basic, basic_altar, wander_ebering_terrifying_dragon_lair
D:3:      layout_rooms, mainiacjoe_overflow_alcove_2, kennysheep_generic_room_4
D:4:      kennysheep_goblin_castle, layout_cave_pools,
          pdpol_wu_jian_five_deadly_venoms, lemuel_tele_altar,
          jmf_multi_god_temple, nicolae_kite_square_tiling_tiny
D:5:      layout_loops_ring
D:6:      layout_gridville, nicolae_dithmenos_through_a_glass_darkly,
          mainiacjoe_overflow_chevrons, grunt_ministairs_8
D:7:      layout_rooms, mainiacjoe_overflow_catwalk,
          minmay_temple_entry_statues_fountains, enter_bailey_7,
          hangedman_decor_opposing, minmay_manual_mess

Notes
Turn   | Place    | Note
-------+----------+-------------------------------------------
     0 | D:1      | scionoferis the Naga Ice Elementalist began the quest for
                  | the Orb.
     0 | D:1      | Reached XP level 1. HP: 15/15 MP: 3/3
   227 | D:1      | Reached XP level 2. HP: 22/22 MP: 5/5
   689 | D:1      | Reached skill level 4 in Stealth
   771 | D:2      | Found a sacrificial altar of Ru.
   843 | D:2      | Reached XP level 3. HP: 26/28 MP: 1/6
   893 | D:2      | Learned a level 3 spell: Frozen Ramparts
  1088 | D:2      | Got Sif Muna's Vademecum on Guile and Metal
  1093 | D:2      | Learned a level 3 spell: Ozocubu's Armour
  2087 | D:3      | Reached XP level 4. HP: 35/36 MP: 2/7
  2467 | D:3      | Reached skill level 5 in Ice Magic
  2652 | D:3      | Found a radiant altar of Vehumet.
  2804 | D:4      | Identified the amulet "Kionarus" {RegenMP Drain rN+ rCorr}
  2837 | D:4      | Identified a scroll of acquirement
  2841 | D:4      | Acquired a book of Fire
  2853 | D:4      | Reached skill level 3 in Spellcasting
  2853 | D:4      | Reached XP level 5. HP: 35/42 MP: 9/9
  3034 | D:4      | Found a stormy altar of Qazlal.
  3054 | D:4      | Reached skill level 6 in Ice Magic
  3054 | D:4      | Reached XP level 6. HP: 49/49 MP: 11/11
  3100 | D:4      | Found a white marble altar of Elyvilon.
  3100 | D:4      | Found a broken altar of Ashenzari.
  3602 | D:4      | Reached skill level 4 in Spellcasting
  3602 | D:4      | Reached XP level 7. HP: 49/55 MP: 11/13
  3701 | D:4      | Found an ornate altar of the Wu Jian Council.
  3810 | D:4      | Reached skill level 7 in Ice Magic
  3861 | D:4      | Noticed Robin
  3892 | D:4      | Killed Robin
  4048 | D:4      | Learned a level 2 spell: Blink
  4049 | D:5      | Entered Level 5 of the Dungeon
  4062 | D:5      | Reached skill level 1 in Translocations
  4123 | D:5      | Reached skill level 2 in Translocations
  4153 | D:5      | Reached XP level 8. HP: 62/62 MP: 15/15
  4328 | D:5      | Reached skill level 5 in Spellcasting
  4422 | D:5      | Reached skill level 3 in Translocations
  4589 | D:5      | Reached skill level 8 in Ice Magic
  4998 | D:6      | Reached skill level 1 in Fighting
  5088 | D:6      | Reached skill level 2 in Dodging
  5452 | D:6      | Reached skill level 2 in Fighting
  5462 | D:6      | Noticed a yak
  5468 | D:6      | Noticed a yak
  5470 | D:6      | Noticed a yak
  5471 | D:6      | Killed a yak
  5471 | D:6      | Noticed a yak
  5482 | D:6      | Killed a yak
  5483 | D:6      | Reached skill level 3 in Fighting
  5483 | D:6      | Reached XP level 9. HP: 64/75 MP: 17/17
  5484 | D:6      | Reached skill level 6 in Spellcasting
  5484 | D:6      | Reached skill level 4 in Translocations
  5545 | D:6      | Found a glowing silver altar of Zin.
  5631 | D:6      | Reached skill level 4 in Fighting
  5786 | D:6      | Found a shadowy altar of Dithmenos.
  6001 | D:7      | Reached skill level 3 in Dodging
  6008 | D:7      | Reached skill level 5 in Fighting
  6053 | D:7      | Found a shimmering blue altar of Sif Muna.
  6104 | D:7      | Found a flagged portal.
  6238 | Bailey   | Entered a bailey
  6266 | Bailey   | Noticed an orc warlord
  6363 | Bailey   | Reached skill level 5 in Translocations
  6379 | Bailey   | Learned a level 5 spell: Fireball
  6393 | Bailey   | Found a runed translucent gate.
  6394 | Bailey   | Found a runed translucent gate.
  6395 | Bailey   | Found a runed translucent gate.
  6498 | Bailey   | Reached skill level 1 in Conjurations
  6498 | Bailey   | Reached skill level 1 in Fire Magic
  6660 | Bailey   | Upgraded the game from 0.30-a0-540-g0af01429fa to
                  | 0.30-a0-553-g7fabdf1491
  6670 | Bailey   | Killed an orc warlord
  6671 | Bailey   | Reached skill level 6 in Fighting
  6671 | Bailey   | Reached skill level 4 in Dodging
  6671 | Bailey   | Reached skill level 7 in Spellcasting
  6671 | Bailey   | Reached skill level 3 in Conjurations
  6671 | Bailey   | Reached skill level 3 in Fire Magic
  6671 | Bailey   | Reached XP level 10. HP: 58/91 MP: 20/20
  6789 | Bailey   | Identified the +2 falchion "Egoos" {vorpal, rPois rF- rC+
                  | Int+5}
  6799 | Bailey   | Identified the +6 flail "Buzun" {antimagic, rC+ Dex+4
                  | Stlth+}
  6804 | Bailey   | Reached skill level 8 in Fighting
  6804 | Bailey   | Reached skill level 6 in Dodging
  6804 | Bailey   | Reached skill level 5 in Evocations
  6804 | Bailey   | Reached XP level 11. HP: 104/104 MP: 21/21
  6904 | D:7      | Noticed a skeletal warrior
  6919 | D:7      | Found a staircase to the Ecumenical Temple.
  7044 | D:$      | Got out of the dungeon alive.

Vanquished Creatures
  An orc warlord (Bailey)
  3 slime creatures (D:7)
  A vampire (D:7)
  4 yaks (D:6)
  2 ogres (D:4 D:5)
  5 orc warriors (Bailey)
  2 centaurs (D:5 D:7)
  2 phantoms (D:4 D:5)
  A kobold brigand (D:7)
  A bullfrog (D:6)
  5 scorpions (D:5 D:6)
  5 killer bees (D:7)
  2 howler monkeys (D:5)
  2 jellies (D:4 D:6)
  4 hounds (D:4 D:5 D:6)
  2 iguanas (D:4 D:6)
  3 orc wizards (D:4)
  Robin (D:4)
  5 gnolls (D:5 D:7)
  8 adders (D:2 D:3 D:4 D:5 D:6)
  4 white imps (D:5 D:6 D:7)
  A dart slug (D:4)
  A worm (D:3)
  14 orcs (D:3 D:4 D:7 Bailey)
  3 ball pythons (D:1 D:3 D:4)
  7 endoplasms (D:1 D:2 D:3 D:4)
  5 giant cockroaches (D:1 D:2 D:3 D:4)
  9 hobgoblins (D:1 D:2 D:3 D:4 Bailey)
  9 jackals (D:3 D:4)
  19 kobolds (D:1 D:3 D:7 Bailey)
  8 quokkas (D:1 D:2 D:3)
  3 bats (D:1 D:2 D:3)
  5 frilled lizards (D:2 D:3)
  24 goblins (D:1 D:2 D:4 D:7 Bailey)
  6 rats (D:1 D:2 D:3)
177 creatures vanquished.

Table legend: (Time is in decaauts)
 A = Elapsed time spent in this place.
 B = Non-inter-level travel time spent in this place.
 C = Inter-level travel time spent in this place.
 D = Time resting spent in this place.
 E = Time spent auto-exploring this place.
 F = Levels seen in this place.
 G = Mean time per level.
                   A        B        C        D        E       F      G
               +--------+--------+--------+--------+--------+-----+--------+
         Total |   8844 |   8432 |    412 |    647 |   6006 |   8 | 1105.5 |
       Dungeon |   8183 |   7771 |    412 |    545 |   5772 |   7 | 1169.0 |
        Bailey |    660 |    660 |      0 |    102 |    234 |   1 |  660.0 |
               +--------+--------+--------+--------+--------+-----+--------+

Top non-repeatable levels by time:
     D:2: 1726 daAuts
     D:4: 1579 daAuts
     D:6: 1327 daAuts
     D:5: 1213 daAuts
     D:1: 1021 daAuts
     D:3: 885 daAuts
  Bailey: 660 daAuts
     D:7: 429 daAuts

Table legend:
 A = Non-vault XP
 B = Vault XP
 C = Vault XP percentage of total XP
 D = Non-vault monster count
 E = Vault monster count
 F = Vault count percentage of total count
                 A         B        C        D         E       F
            +---------+---------+-------+---------+---------+-------
      Total |    3924 |    2298 |  36.9 |     117 |      60 |  33.9
            +---------+---------+-------+---------+---------+-------
        D:1 |      28 |       3 |   9.7 |      17 |       2 |  10.5
        D:2 |      49 |       1 |   2.0 |      16 |       1 |   5.9
        D:3 |      38 |       3 |   7.3 |      14 |       2 |  12.5
        D:4 |     523 |      55 |   9.5 |      27 |      21 |  43.8
        D:5 |     976 |       0 |   0.0 |      19 |       0 |   0.0
        D:6 |    1033 |     132 |  11.3 |      10 |       2 |  16.7
        D:7 |    1277 |     300 |  19.0 |      14 |       7 |  33.3
     Bailey |       0 |    1804 | 100.0 |       0 |      25 | 100.0
            +---------+---------+-------+---------+---------+-------
